AoeStats
← [RAT] G0rm

Fortress

508533277Analyzed
4v4 RM · 10d ago on Sep 22, 2026· 40m 46s· 8 players
Game mode
Random Map
Map size
Huge
Population
200
Speed
Normal
Resources
Standard
Victory
Conquest
Starting age
Dark Age
Ending age
Imperial Age
RankedLock teamsTeams togetherTeam positionsShared explorationLock speedFull tech treeHidden civsTurbo modeCheats
Victory
Defeat
🇺🇸 Random · United States
1652
+12
🇺🇸 Random · United States
1620
+14
🇳🇱 Random · Netherlands
1539
+17
🇷🇴 Byzantines · Romania
1501
+18
🇺🇸 Random · United States
1657
-19
🇺🇸 Random · United States
1552
-15
🇩🇰 Random · Denmark
1535
-14
🇺🇸 Persians · United States
1507
-13
optimal_brain_damage
7:37 Feudal Age
11:09 Castle Age
9:25 Double-Bit Axe
9:39 Horse Collar
12:05 Bow Saw
11:56 Heavy Plow
13:04 Wheelbarrow
13:11 Heavy Plow
16:50 Scale Barding Armor
17:41 Loom
18:24 Forging
19:11 Chain Barding Armor
22:06 Hand Cart
22:05 Gold Mining
24:44 Iron Casting
24:21 Bloodlines
24:11 Husbandry
25:40 Stone Mining
26:02 Town Watch
28:24 Stone Shaft Mining
32:12 Imperial Age
32:33 Scale Mail Armor
31:55 Pikeman
32:36 Squires
32:21 Arson
32:22 Elite Jarl
33:54 Plate Barding Armor
34:15 Conscription
37:38 Blast Furnace
37:17 Halberdier
38:13 Chain Mail Armor
39:16 Crop Rotation
39:47 Two-Man Saw
40:34 Gothikon
[RAT] Havik_AoE
7:15 Feudal Age
8:57 Double-Bit Axe
11:24 Castle Age
9:46 Horse Collar
9:58 Gold Mining
12:16 Loom
13:41 Bow Saw
20:46 Wheelbarrow
21:38 Scale Mail Armor
22:40 Hand Cart
25:09 Imperial Age
22:25 Pikeman
23:05 Squires
23:43 Chain Mail Armor
23:41 Forging
24:07 Squires
23:53 Arson
23:54 Gambesons
25:25 Hand Cart
24:56 Town Watch
24:42 Hamask
25:19 Onager
26:24 Heavy Plow
26:59 Gold Shaft Mining
27:29 Siege Onager
28:36 Siege Engineers
28:37 Halberdier
30:35 Conscription
32:01 Plate Mail Armor
31:09 Northmen's Fury
33:00 Heavy Scorpion
35:00 Northmen's Fury
37:29 Chemistry
[RAT] Spencer
7:03 Feudal Age
10:40 Castle Age
9:00 Double-Bit Axe
9:00 Horse Collar
12:22 Bow Saw
14:44 Loom
17:28 Scale Mail Armor
19:20 Heavy Plow
20:13 Wheelbarrow
19:24 Town Watch
20:42 Chain Mail Armor
20:56 Squires
21:21 Gold Mining
21:22 Stone Mining
21:21 Clerical Recruitment
22:37 Forging
22:14 Arson
23:59 Hand Cart
26:55 Imperial Age
25:39 Iron Casting
25:40 Gambesons
27:31 Elite Hearth Troop
28:35 Conscription
28:54 Plate Mail Armor
28:34 Pikeman
30:01 Fletching
31:13 Chemistry
29:52 Shield Wall
30:19 Halberdier
31:55 Elite Varangian Guard
32:44 Bodkin Arrow
34:26 Ballistics
34:06 Guard Tower
34:04 Arrowslits
34:25 Bracer
34:46 Treadmill Crane
36:17 Keep
36:20 Murder Holes
38:29 Masonry
39:17 Caravan
40:29 Coinage
40:40 Capped Ram
[RAT] G0rm
7:40 Feudal Age
11:59 Castle Age
10:18 Double-Bit Axe
10:42 Horse Collar
12:48 Scale Mail Armor
19:11 Gambesons
20:42 Forging
21:16 Arson
22:23 Squires
23:35 Wheelbarrow
24:04 Bow Saw
27:14 Scale Barding Armor
28:59 Loom
32:46 Imperial Age
31:41 Chain Barding Armor
32:02 Gold Mining
33:01 Husbandry
34:07 Heavy Camel Rider
34:17 Capped Ram
37:19 Elite Varangian Guard
38:36 Plate Barding Armor
38:26 Hand Cart
38:49 Iron Casting
The Daunting Knight
7:16 Feudal Age
8:23 Gold Mining
11:41 Castle Age
9:54 Double-Bit Axe
10:01 Horse Collar
12:38 Bow Saw
12:46 Bow Saw
14:05 Heavy Plow
13:57 Gold Mining
19:15 Wheelbarrow
19:15 Loom
20:21 Scale Barding Armor
20:26 Forging
20:33 Forging
20:50 Husbandry
21:02 Bloodlines
22:14 Chain Barding Armor
22:31 Hand Cart
23:11 Stone Mining
26:31 Stone Shaft Mining
27:50 Iron Casting
27:15 Scale Mail Armor
27:07 Fletching
27:09 Gambesons
27:10 Arson
27:27 Squires
31:22 Imperial Age
29:44 Chain Mail Armor
31:29 Cavalier
33:16 Plate Barding Armor
34:04 Blast Furnace
32:40 Vendel Legacy
33:40 Conscription
34:21 Crop Rotation
34:54 Two-Man Saw
33:48 Elite Varangian Guard
35:13 Gothikon
36:05 Elite Jarl
36:35 Light Cavalry
37:39 Hussar
39:27 Caravan
Thundernips, The Ultimate Gigolo
6:18 Feudal Age
10:43 Castle Age
9:04 Double-Bit Axe
10:21 Horse Collar
11:37 Bow Saw
11:30 Heavy Plow
16:07 Heavy Plow
17:46 Wheelbarrow
17:52 Gold Mining
Lord Longshaft
7:50 Feudal Age
8:27 Double-Bit Axe
8:34 Horse Collar
9:46 Loom
12:39 Castle Age
13:47 Bow Saw
13:55 Heavy Plow
14:40 Wheelbarrow
16:30 Scale Mail Armor
16:49 Gold Mining
17:57 Squires
19:45 Town Watch
25:13 Imperial Age
23:46 Hand Cart
24:21 Fortified Wall
25:35 Gold Shaft Mining
25:37 Chain Mail Armor
25:33 Forging
25:43 Arson
25:44 Gambesons
25:25 Man-at-Arms
26:49 Plate Mail Armor
27:06 Crop Rotation
26:16 Long Swordsman
28:15 Chemistry
26:56 Shield Wall
26:58 Two-Handed Swordsman
28:39 Conscription
28:36 Fletching
29:15 Champion
30:06 Stone Mining
30:56 Iron Casting
32:01 Siege Engineers
32:06 Bodkin Arrow
33:40 Pikeman
35:04 Bracer
35:26 Ballistics
35:17 Masonry
35:51 Guilds
37:03 Halberdier
37:11 Clerical Recruitment
38:14 Sanctity
38:05 Redemption
38:11 Block Printing
38:07 Guard Tower
38:48 Architecture
38:04 Arrowslits
37:59 Treadmill Crane
ila
7:56 Feudal Age
12:40 Castle Age
10:26 Double-Bit Axe
10:48 Horse Collar
13:25 Bow Saw
13:54 Wheelbarrow
13:37 Heavy Plow
16:05 Wheelbarrow
15:16 Loom
15:16 Town Watch
16:06 Gold Mining
17:26 Stone Mining
21:15 Hand Cart
21:59 Scale Barding Armor
23:03 Chain Barding Armor
23:25 Forging
24:24 Gold Shaft Mining
24:04 Bloodlines
23:54 Husbandry
26:09 Chain Barding Armor
29:16 Imperial Age
28:41 Iron Casting
29:57 Stone Shaft Mining
30:58 Plate Barding Armor
30:57 Conscription
32:07 Caravan
33:34 Blast Furnace
33:59 Elite War Elephant
36:52 Two-Man Saw
37:50 Fletching
Connection lost

Rejoining the realm…

Still unreachable

The connection could not be restored.

Session expired

The server has moved on; the page needs a fresh start.